[Event "Arona Festival 2024"]
[Site "Arona Tenerife"]
[Date "2024.06.23"]
[Round "3.1"]
[White "Bilguun, Sumiya"]
[Black "Gupta, Abhijeet"]
[Result "1-0"]
[ECO "B23"]
[WhiteElo "2466"]
[BlackElo "2589"]
[Annotator "RC"]
[PlyCount "89"]
[EventDate "2024.06.20"]
[EventType "swiss"]
[EventCountry "ESP"]
[SourceTitle "playchess.com"]
[Source "ChessBase"]
[SourceQuality "1"]
[TimeControl "5400+30"]

1. e4 c5 2. Nc3 d6 3. f4 g6 4. Nf3 Bg7 5. Bc4 Nc6 6. O-O e6 7. d3 Nge7 8. Qe1 O-O 9. Bb3 Na5 10. e5 d5 11. Bd2 b6 12. Ne2 Ba6 13. Ba4 Nac6 14. Bxc6 Nxc6 15. Qg3 f6 16. h4 fxe5 17. fxe5 Rf5 18. Nf4 Qe7 19. h5 g5 20. Nh3 h6 21. Nhxg5 hxg5 22. Bxg5 Qc7 23. h6 Raf8 24. hxg7 Qxg7 25. Qh4 Rxf3 26. Rxf3 Rxf3 27. gxf3 Nxe5 28. Rf1 c4 29. dxc4 Bxc4 30. Rf2 Be2 31. Kg2 Nxf3 32. Rxf3 Bxf3+ 33. Kxf3 Qxb2 34. Bf6 Qa3+ 35. c3 Kf7 36. Qh6 Qf8 37. Qxf8+ Kxf8 38. Kf4 Ke8 39. Bd4 Ke7 40. Ke5 Kd7 41. a4 Ke7 42. Bf2 Kd7 43. Be3 Ke7 44. Bc1 Kd7 45. Ba3 1-0

[Event "Arona Festival 2024"]
[Site "Arona Tenerife"]
[Date "2024.06.23"]
[Round "3.2"]
[White "Tsolakidou, Stavroula"]
[Black "Peralta, Fernando"]
[Result "1/2-1/2"]
[ECO "B12"]
[WhiteElo "2421"]
[BlackElo "2562"]
[Annotator "TA"]
[PlyCount "97"]
[EventDate "2024.06.20"]
[EventType "swiss"]
[EventCountry "ESP"]
[SourceTitle "playchess.com"]
[Source "ChessBase"]
[SourceQuality "1"]
[TimeControl "5400+30"]

1. e4 c6 2. d4 d5 3. f3 e6 4. Nc3 Bb4 5. a3 Bxc3+ 6. bxc3 dxe4 7. Nh3 Qa5 8. Bd2 {[%emt 0:04:49] [#] Black is slightly better.} e3 9. Bxe3 Qxc3+ 10. Kf2 Ne7 11. Bd3 Nd5 {[%emt 0:03:44] Threatens to win with ...Nxe3.} 12. Qd2 O-O 13. Ng5 Qxd2+ 14. Bxd2 Nf6 15. Bb4 {[%emt 0:08:43] A strong pair of Bishops.} Rd8 16. Rad1 b6 (16... Rxd4 $2 {perishes.} 17. Bxh7+ (17. Bg6 hxg6 18. Rxd4 Nbd7 $14) 17... Nxh7 18. Rxd4 $18) 17. g4 Nbd7 (17... Rxd4 18. Bxh7+ Nxh7 19. Rxd4 $16) 18. Be7 Re8 19. Bd6 Bb7 20. h4 c5 21. dxc5 Nxc5 22. Bxc5 bxc5 23. Ne4 Bxe4 24. Bxe4 Rab8 25. Rd6 Rb2 26. Rc1 h6 27. g5 hxg5 28. hxg5 Nxe4+ 29. fxe4 $17 {[%emt 0:00:05][%mdl 4096] Endgame. KRR-KRR} Ra2 (29... Kh7 $17 30. Rd7 Kg6 31. Rxa7 Rh8 (31... Kxg5 32. Rxf7 Rg8 33. Ke3 $14)) 30. Ra6 $1 $15 Re7 31. g6 $1 fxg6 32. Kg3 Rb2 33. Rc6 {[%emt 0:00:33] [#] Rc8+ would now be deadly. The position is equal.} Rd7 34. Rxc5 Kf7 35. Kg4 Ke7 36. Kg5 Rd2 37. Rc7+ Kd6 38. Rxa7 Rbxc2 39. Rxc2 Rxc2 40. Rxg7 $11 {[%emt 0:00:20] KR-KR} Ke5 41. Kxg6 Rg2+ 42. Kf7 Rxg7+ 43. Kxg7 Kxe4 {[%emt 0:00:02] KP-KP} 44. Kf6 e5 45. a4 Kd5 46. Kf5 e4 47. Kf4 Kd4 48. a5 e3 {[%emt 0:00:22] ( -> ...e2)} 49. a6 $1 {[%emt 0:00:04] Weighted Error Value: White=0.04 (flawless) /Black=0.05 (flawless) .  Mistake:       	---       	Black=1      Inaccurate:     	White=2     	Black=3      OK:         	White=20    	Black=24     Best:        	White=2     	---        Strong:       	White=3     	---} 1/2-1/2

[Event "Arona Festival 2024"]
[Site "Arona Tenerife"]
[Date "2024.06.23"]
[Round "3.3"]
[White "Socko, Bartosz"]
[Black "Xue, Haowen"]
[Result "1/2-1/2"]
[ECO "B13"]
[WhiteElo "2556"]
[BlackElo "2452"]
[Annotator "TA"]
[PlyCount "50"]
[EventDate "2024.06.20"]
[EventType "swiss"]
[EventCountry "ESP"]
[SourceTitle "playchess.com"]
[Source "ChessBase"]
[SourceQuality "1"]
[TimeControl "5400+30"]

1. e4 c6 2. d4 d5 3. exd5 cxd5 4. Bd3 Nc6 5. c3 Qc7 6. h3 e5 7. dxe5 Nxe5 8. Bb5+ Nc6 9. Ne2 Bd6 10. Nd2 Nf6 11. Nf3 h6 12. O-O O-O 13. Ned4 Bd7 14. Bd3 a6 {[%emt 0:04:45] Dodges Nb5} 15. Be3 Rfe8 16. Qc2 Na5 17. Nf5 Bxf5 18. Bxf5 {[%emt 0:00:07] [#]} Rxe3 $1 19. fxe3 Nc4 20. Rae1 Re8 {[%emt 0:04:09][%mdl 1024] Black has compensation.} 21. Qc1 ({Not} 21. e4 $2 Bc5+ 22. Nd4 Ne3 23. Rxe3 Bxd4 $19) 21... Bg3 {[%emt 0:24:30] The position is equal.} (21... Qb6 $5) 22. Re2 Bf4 23. Rfe1 Bg3 24. Rf1 Bf4 25. Rfe1 Bg3 {[%emt 0:00:05] Weighted Error Value: White=0.05 (flawless) /Black=0.01 (flawless) .  Inaccurate:     	White=1     	---        OK:         	White=9     	Black=14     Best:        	White=2     	Black=1} 1/2-1/2

[Event "Arona Festival 2024"]
[Site "Arona Tenerife"]
[Date "2024.06.23"]
[Round "3.4"]
[White "Erdos, Viktor"]
[Black "Omelja, Artem"]
[Result "1/2-1/2"]
[ECO "A17"]
[WhiteElo "2539"]
[BlackElo "2435"]
[Annotator "TA"]
[PlyCount "65"]
[EventDate "2024.06.20"]
[EventType "swiss"]
[EventCountry "ESP"]
[SourceTitle "playchess.com"]
[Source "ChessBase"]
[SourceQuality "1"]
[TimeControl "5400+30"]

1. Nf3 d5 2. e3 Nf6 3. c4 e6 4. Nc3 Bd6 5. d4 O-O 6. c5 Be7 7. b4 b6 8. Bb2 a5 9. a3 c6 10. Bd3 Ba6 11. O-O Bxd3 12. Qxd3 Nbd7 13. Rfc1 Qc7 14. Qc2 Rfc8 15. h3 Qb7 16. Rab1 axb4 17. axb4 h6 18. Ne1 bxc5 19. bxc5 Bd8 20. Nd3 Rcb8 21. Ne2 Bc7 22. Bc3 Qc8 23. Rxb8 Bxb8 24. Rb1 Bc7 25. Nb4 Nb8 26. Qd1 Nh7 27. Ra1 Qb7 28. Rb1 {[%emt 0:01:09][%cal Ob4d5] [#] Black must now prevent Nxd5!} Qc8 29. Ra1 Qb7 30. Ra4 Nf8 31. Qa1 Rxa4 32. Qxa4 Ng6 33. Kf1 {[%emt 0:01:42] Weighted Error Value: White=0.06 (flawless) /Black=0.04 (flawless) .  OK:         	White=9     	Black=12} 1/2-1/2

[Event "Arona Festival 2024"]
[Site "Arona Tenerife"]
[Date "2024.06.23"]
[Round "3.5"]
[White "Krysa, Leandro"]
[Black "Dhulipalla Bala Chandra Prasad"]
[Result "1/2-1/2"]
[ECO "E04"]
[WhiteElo "2535"]
[BlackElo "2420"]
[Annotator "TA"]
[PlyCount "91"]
[EventDate "2024.06.20"]
[EventType "swiss"]
[EventCountry "ESP"]
[SourceTitle "playchess.com"]
[Source "ChessBase"]
[SourceQuality "1"]
[TimeControl "5400+30"]

1. d4 Nf6 2. c4 e6 3. Nf3 d5 4. g3 dxc4 5. Bg2 Nc6 6. Qa4 Bb4+ 7. Bd2 Nd5 8. Bxb4 Ndxb4 9. O-O Rb8 10. Na3 O-O 11. Qb5 $1 (11. Nxc4 $2 b5 12. Qd1 bxc4 $19) 11... e5 12. Nxe5 {[%emt 0:14:43][%cal Rg2c6] The position is equal.} Be6 13. Rfd1 {[%emt 0:34:16][%cal Od4d5] d5! would now be deadly.} ({Of course not} 13. Nexc4 a6 14. Qh5 g6 $17 (14... Qxd4 15. Rfd1 $17)) (13. Naxc4 Nc2 14. e3 (14. Nxc6 $2 bxc6 15. Qxc6 Nxa1 $19) 14... Nxa1 15. Rxa1 Nxe5 16. Nxe5 c6 $15) (13. Bxc6 Nxc6 14. e3 Nxe5 15. Qxe5 Re8 $15) 13... a6 14. Nxc6 axb5 (14... bxc6 $14 {feels stronger.} 15. Qa4 Qf6) 15. Nxd8 $16 Rfxd8 16. Nxb5 c6 17. Nc7 ({Better is} 17. a3 $1 $16) 17... Nc2 $14 {[%emt 0:04:24][%csl LRa1,LRd4] [#]} 18. Nxe6 fxe6 19. Rac1 Nxd4 20. Kf1 Nb5 21. a4 Nd6 22. e4 e5 23. f4 b5 24. axb5 Rxb5 25. fxe5 Rxe5 26. Kg1 Kf7 27. Bf1 Ke7 (27... Rxe4 28. Bxc4+ Kf8 29. Rf1+ Ke8 30. Bd3 $16) 28. Bxc4 Rb8 29. Bf1 c5 30. Rd5 Rxe4 (30... Rxd5 $11 {should be considered.} 31. exd5 Rxb2) 31. Rcxc5 Rxb2 32. Rc7+ Ke6 33. Rd1 Nf5 34. Bh3 {[%emt 0:01:03] Threatens to win with Rc6+.} g6 (34... Ree2 $5) 35. Rxh7 Kf6 {[%emt 0:00:59] [#]} 36. Rf1 $1 {[%emt 0:00:33] Strongly threatening g4.} Kg5 {[%emt 0:00:32] [#]} 37. Bg2 (37. Bxf5 $1 $16 gxf5 38. Rf7) 37... Re3 $11 38. Rf2 Rb1+ 39. Rf1 Rb2 40. Bf3 Rc3 41. Bd1 (41. Rb7 $14 Rxb7 42. Bxb7) 41... Rd2 42. Bf3 Nd4 43. Bd1 Nf5 44. Bf3 Nd4 45. Bg2 Nf5 46. Bf3 {[%emt 0:00:32] Weighted Error Value: White=0.12 (very precise) /Black=0.13 (very precise) .  Mistake:       	White=3     	Black=2      Inaccurate:     	White=4     	Black=5      OK:         	White=12    	Black=15     Best:        	White=3     	Black=2      Strong:       	White=2     	---} 1/2-1/2

[Event "Arona Festival 2024"]
[Site "Arona Tenerife"]
[Date "2024.06.23"]
[Round "3.6"]
[White "Sosa, Tomas"]
[Black "Van der Lende, Ilias"]
[Result "1-0"]
[ECO "C04"]
[WhiteElo "2535"]
[BlackElo "2415"]
[Annotator "TA"]
[PlyCount "63"]
[EventDate "2024.06.20"]
[EventType "swiss"]
[EventCountry "ESP"]
[SourceTitle "playchess.com"]
[Source "ChessBase"]
[SourceQuality "1"]
[TimeControl "5400+30"]

1. e4 e6 2. d4 d5 3. Nd2 Nc6 4. Ngf3 Nf6 5. e5 Nd7 6. Be2 f6 7. exf6 Qxf6 8. Nf1 b6 9. Ne3 Bb7 10. O-O {[%emt 0:00:23] White is slightly better.} O-O-O 11. Ng4 Qf5 12. Ne3 Qf6 13. c3 h5 14. c4 ({White should play} 14. Nc2 $14) 14... dxc4 $11 15. Nxc4 Be7 $1 16. Bg5 Qf5 17. Bd3 Qf7 18. Re1 $36 {[%emt 0:07:58][%cal Bf1e1,Be1e4,Be4e6,Be6c6][%mdl 2080] Black should prevent Bxe7. Black is under pressure.} Rhf8 (18... Nxd4 $1 $11 {remains equal.} 19. Nxd4 Bxg5 20. Nxe6 Rde8 21. Nd6+ (21. Nxg5 Rxe1+ 22. Qxe1 Qd5 $11) 21... cxd6 22. Nxg5 Rxe1+ 23. Qxe1 Qf6) 19. Bxe7 $16 Nxe7 {[%emt 0:01:56] [#]} 20. Be4 {[%emt 0:00:50] White is more active.} (20. Qc2 $142 $1 {Black must now prevent Nd6+.} Qf4 (20... Bxf3 $2 21. Nd6+ Kb8 22. Nxf7 $18) 21. Rac1 (21. Rxe6 Bxf3 22. gxf3 Kb8 $14)) 20... Bxe4 21. Rxe4 Qg6 (21... Qf5 $14 22. Re1 Nc6) 22. Qe2 Nd5 23. Rxe6 Qf7 {[%emt 0:00:42] [#] ...Nf4 is the strong threat.} 24. Rc1 {[%emt 0:00:43] Strongly threatening Nd6+.} Kb7 (24... Nf4 $2 25. Nd6+ Kb8 26. Nxf7 $18) 25. Rc6 {[%emt 0:03:22][%cal Oc6c7] Rxc7+! would now be deadly.} Qf4 (25... Nb8 $142 26. Nce5 Qf5) 26. Ne3 $18 N7f6 (26... Rfe8 {keeps fighting.} 27. g3 (27. Nxd5 $2 {is the wrong capture.} Qxc1+ 28. Rxc1 Rxe2 $19) 27... Rxe3 28. Qxe3 (28. fxe3 Qg4 $18) 28... Qxe3 29. fxe3 Re8) 27. g3 {[%emt 0:01:57] White is clearly winning.} Qe4 28. Ng5 {[%emt 0:00:37] Wards off Nh7} Qxd4 29. Nxd5 Nxd5 30. Ne6 (30. Qxh5 Qxf2+ 31. Kh1 Ne3 (31... Qxb2 $2 32. Ne6 $19) 32. Rxc7+ Ka6 33. Qh3 Rh8 (33... Qxb2 $2 34. g4 $19) 34. Rf7 Qxb2 35. Rg1 Rxh3 36. Nxh3 Rd1 (36... Qxa2 {is a self mate.} 37. Rf2 Qd5+ 38. Rfg2 Nxg2 39. Ra1+ Kb7 40. Kg1 Ne3 41. Kf2 Ng4+ 42. Kf1 Qd2 43. Kg1 Qxh2+ 44. Kf1 Ne3+ 45. Ke1 Qd2#) 37. Nf2 Rxg1+ 38. Kxg1 Qe2 (38... Qxa2 $2 39. Re7 $19) (38... Qxa2 39. Re7 Qb1+ 40. Nd1 Qxd1+ 41. Kf2 Ng4+ 42. Kg2 Qd5+ 43. Kf1 Qd2 44. Re2 Qd1+ 45. Kg2 Qxe2+ 46. Kh3 Ne5 47. Kh4 Qg4#)) 30... Qf6 31. Nxd8+ Qxd8 32. Qxh5 {[%emt 0:00:10] Weighted Error Value: White=0.12 (very precise) /Black=0.40.  Mistake:       	White=2     	Black=4      Inaccurate:     	White=1     	Black=2      OK:         	White=4     	Black=6      Best:        	White=3     	Black=1      Strong:       	---       	Black=1} 1-0

[Event "Arona Festival 2024"]
[Site "Arona Tenerife"]
[Date "2024.06.23"]
[Round "3.7"]
[White "Paichadze, Luka"]
[Black "Baenziger, Fabian"]
[Result "1/2-1/2"]
[ECO "C02"]
[WhiteElo "2504"]
[BlackElo "2410"]
[Annotator "TA"]
[PlyCount "67"]
[EventDate "2024.06.20"]
[EventType "swiss"]
[EventCountry "ESP"]
[SourceTitle "playchess.com"]
[Source "ChessBase"]
[SourceQuality "1"]
[TimeControl "5400+30"]

1. e4 e6 2. d4 d5 3. e5 c5 4. c3 Nc6 5. Nf3 Bd7 6. Be2 Nge7 7. O-O cxd4 8. cxd4 Nf5 9. Nc3 a6 10. Bg5 Be7 11. Bxe7 Qxe7 12. Na4 O-O 13. Rc1 Be8 14. Bd3 Nh4 15. Nxh4 Qxh4 16. f4 ({Reject} 16. Nb6 Rb8 $15) 16... Nxd4 17. Nb6 Rd8 {[%emt 0:00:31] [#]} 18. Bxh7+ $1 Qxh7 19. Qxd4 Bc6 20. Rce1 {[%emt 0:09:58] Black is weak on the dark squares} Qf5 21. Re3 f6 22. g3 Rde8 23. Rfe1 ({White should try} 23. Na4 $14) 23... Kf7 (23... g5 {simplifies} 24. Na4 gxf4 25. Rf3 fxe5 26. Rxe5 Qg4) 24. Na4 Rh8 25. Nc5 {[%emt 0:04:01] [#]} Rxh2 $1 26. Kxh2 Rh8+ 27. Kg1 Qh3 {[%emt 0:00:04][%mdl 1024] ( -> ...Qh1+). Black has compensation.} 28. Kf2 $1 Qh2+ $1 29. Kf1 $1 {[%emt 0:00:15] Black must now prevent a4.} Bb5+ 30. Nd3 $1 Qc2 31. R1e2 Qd1+ 32. Re1 Qc2 33. R1e2 Qd1+ 34. Re1 {[%emt 0:00:05] Weighted Error Value: White=0.07 (flawless) /Black=0.05 (flawless) .  Mistake:       	White=1     	---        Inaccurate:     	White=2     	Black=2      OK:         	White=6     	Black=8      Best:        	White=5     	Black=2      Strong:       	White=3     	Black=1      Brilliant:      	---       	Black=1} 1/2-1/2

[Event "Arona Festival 2024"]
[Site "Arona Tenerife"]
[Date "2024.06.23"]
[Round "3.8"]
[White "O`Gorman, Tom"]
[Black "David, Alberto"]
[Result "1/2-1/2"]
[ECO "E27"]
[WhiteElo "2337"]
[BlackElo "2502"]
[Annotator "TA"]
[PlyCount "100"]
[EventDate "2024.06.20"]
[EventType "swiss"]
[EventCountry "ESP"]
[SourceTitle "playchess.com"]
[Source "ChessBase"]
[SourceQuality "1"]
[TimeControl "5400+30"]

1. d4 Nf6 2. c4 e6 3. Nc3 Bb4 4. f3 O-O 5. a3 Bxc3+ 6. bxc3 Ne8 7. e4 {[%emt 0:00:06] E27: Nimzo-Indian: Sämisch: 5...0-0 6 f3.} c5 8. f4 cxd4 9. cxd4 b5 10. cxb5 Nd6 $146 ({Predecessor:} 10... a6 11. Nf3 axb5 12. Bd3 Nc6 13. O-O Nc7 14. d5 exd5 15. exd5 Nxd5 16. Bxh7+ Kxh7 {1-0 Nesterov,A (2584)-Berczes,D (2425) Budapest FS02 GM 2024 (2)}) 11. Bd3 Bb7 $1 12. Nf3 a6 (12... Nxe4 $11 13. O-O a6) 13. e5 $14 Ne4 14. O-O axb5 15. Ng5 d5 16. Bxb5 Bc6 17. Bd3 h6 18. Nf3 Ba4 19. Qe1 Nc6 20. Bd2 Qb6 21. Rb1 Qa7 22. Bxe4 dxe4 23. Qxe4 Rfd8 24. Be3 Qa6 25. f5 exf5 26. Qxf5 Ne7 27. Qh5 Bc2 28. Ra1 Qe6 29. Nh4 Rab8 (29... Ra4 $11) 30. Qe2 (30. Rf2 {looks sharper.} Bd3 31. Rd1 Bc4 32. Rc1) 30... Nd5 31. Bd2 Rb3 32. Rf3 Qb6 $1 33. Qf2 (33. Qc4 $14) 33... Rxf3 (33... Rb1+ $1 $11 34. Rxb1 Qxb1+ 35. Qe1 Qb6) 34. Nxf3 $14 ({Much worse is} 34. gxf3 Bb1 35. Bb4 Nf4 $11) 34... Be4 35. Re1 (35. Nh4 {feels hotter.} Qb3 36. Rf1 Ne7 37. Qe3) 35... Bxf3 $1 36. Qxf3 Qxd4+ 37. Qf2 (37. Be3 {simplifies} Nxe3 38. Qxe3 Qxe3+ 39. Rxe3 Ra8 40. Kf1) 37... Qa4 38. Bc1 Nc3 39. Qg3 Ne4 40. Qe3 Rd1 41. h3 Rxe1+ 42. Qxe1 Qd4+ 43. Qe3 (43. Be3 $16 Qxe5 44. a4) 43... Qxe5 $11 44. a4 f5 $1 45. Qb6 Ng3 46. Qe3 Ne4 47. Qb6 Nc3 48. Bb2 Qe1+ 49. Kh2 Qe5+ 50. Kg1 (50. Kh1 $5 Qe1+ $8 51. Kh2 Qe5+ 52. Kh1 Qe1+ 53. Kh2 $11) 50... Qe1+ 1/2-1/2

[Event "Arona Festival 2024"]
[Site "Arona Tenerife"]
[Date "2024.06.23"]
[Round "3.9"]
[White "Royal, Shreyas"]
[Black "Ritviz, Parab"]
[Result "0-1"]
[ECO "E11"]
[WhiteElo "2483"]
[BlackElo "2334"]
[Annotator "TA"]
[PlyCount "104"]
[EventDate "2024.06.20"]
[EventType "swiss"]
[EventCountry "ESP"]
[SourceTitle "playchess.com"]
[Source "ChessBase"]
[SourceQuality "1"]
[TimeControl "5400+30"]

1. d4 d5 2. c4 e6 3. Nf3 Nf6 4. g3 Bb4+ 5. Bd2 Be7 6. Bg2 O-O 7. O-O Nbd7 8. Qc2 c5 9. cxd5 exd5 10. Nc3 {[%emt 0:01:22] White is slightly better.} b6 11. Ng5 Bb7 {[%emt 0:00:45] [#]} 12. Nxd5 $1 Bxd5 13. Bxd5 Rc8 14. Bxf7+ Rxf7 15. Qc4 Qe8 16. Qxf7+ (16. Rac1 {seems wilder.} Rd8 17. Bc3 a5 18. Rfd1) 16... Qxf7 17. Nxf7 Kxf7 18. dxc5 Bxc5 19. Rac1 {[%emt 0:01:20] [#] Threatens to win with b4.} Re8 20. e3 Ne4 21. Bc3 Ne5 22. Bxe5 Rxe5 23. Kg2 a5 24. Rfe1 g5 25. f3 Nf6 26. e4 h5 27. Rcd1 g4 28. h3 gxf3+ 29. Kxf3 Ke7 30. Re2 Bd6 31. Rd3 Ke6 32. h4 Ke7 33. a3 Re6 {[%emt 0:00:35][%mdl 1024] Black has compensation.} 34. Rb3 Be5 35. Rb5 Ng4 36. Rd5 ({White should play} 36. Rd2 $11) 36... Rc6 37. Red2 Rf6+ 38. Ke2 Rf2+ (38... Bxg3 39. Rxh5 Rf2+ 40. Kd3 Rf3+ 41. Kc4 $11) 39. Kd3 ({Better is} 39. Ke1 $15 Rf3 (39... Bxg3 40. Rxf2 Bxh4 41. Rxh5 $11) 40. Rb5) 39... Rf3+ $17 (39... Bxb2 $6 40. Rxf2 Nxf2+ 41. Ke3 Ng4+ 42. Kf4 Bc1+ (42... Bxa3 43. Rxh5 Nf6 44. Rh8 $11) 43. Kf3 $11) (39... Rxd2+ 40. Kxd2 Bxg3 (40... Bxb2 41. Rxh5 Nf6 42. Rb5 $11) 41. Rxh5 $14) 40. Ke2 Re3+ 41. Kf1 Rf3+ ({Don't take} 41... Bxg3 42. Rxh5 Rxe4 43. Kg2) 42. Ke2 Re3+ 43. Kf1 $1 Rxg3 {[%emt 0:01:42] ...Ne3+ is the strong threat. Black is more active.} 44. Rd7+ (44. R2d3 $17 {was worth a try.} Rxd3 45. Rxd3 Bxb2 46. a4) 44... Ke6 $19 45. Rb7 (45. R7d3 {was necessary.}) 45... Rb3 46. a4 Bxb2 (46... Rxb2 $2 {perishes.} 47. Rxb2 Bxb2 48. Rxb6+ Ke5 49. Rxb2 $18) 47. Ke2 Nf6 48. Rc2 Bc3 (48... Nxe4 49. Rc6+ Nd6 50. Rbxb6 Rxb6 51. Rxb6 $17) 49. Kd1 (49. Kd3 {keeps fighting.} Be5+ 50. Ke2 Nxe4 51. Rc6+ Kf5 52. Rbxb6) 49... Nxe4 50. Re2 Rb4 {[%emt 0:00:26] Black is clearly winning.} 51. Kc2 Be5 {[%emt 0:00:15] ...Rb2+ would now be deadly.} 52. Rg2 (52. Re3 $142) 52... Rb2+ {[%emt 0:00:06] Weighted Error Value: White=0.33/Black=0.14 (very precise) .  Mistake:       	White=6     	---        Inaccurate:     	---       	Black=2      OK:         	White=13    	Black=18     Best:        	White=3     	Black=3      Strong:       	White=1     	---        Brilliant:      	White=1     	---} 0-1